 Dungeon Crawl Stone Soup version 0.23.1 (webtiles) character file.

Game seed: 18315188750922629429

53 Borgoz the Cutter (level 3, 0/30 HPs)
             Began as a Ghoul Gladiator on Mar 8, 2019.
             Slain by a gnoll
             ... wielding a +0 spear
              (6 damage)
             ... on level 2 of the Dungeon.
             The game lasted 00:02:01 (1438 turns).

Borgoz the Cutter (Ghoul Gladiator)                 Turns: 1438, Time: 00:02:02

Health: 0/30       AC:  5    Str: 17    XL:     3   Next: 89%
Magic:  2/2        EV: 12    Int:  4    God:
Gold:   37         SH:  0    Dex: 10    Spells: 2/2 levels left

rFire    . . .     SeeInvis .   a - +0 rapier
rCold    + . .     Gourm    .   (no shield)
rNeg     + + +     Faith    .   b - +0 leather armour
rPois    ∞         Spirit   .   k - +0 helmet (curse)
rElec    .         Reflect  .   (no cloak)
rCorr    +         Harm     .   g - +0 pair of gloves
MR       .....                  (no boots)
Stlth    ..........             (no amulet)
HPRegen  0.00/turn              (no ring)
MPRegen  0.08/turn              i - ring of resist corrosion

@: confused, rotting
A: rotting body, claws 1, carnivore, cold resistance 1, negative energy
resistance 3, inhibited regeneration, torment resistance, unbreathing
a: no special abilities


You were on level 2 of the Dungeon.
You were not hungry.

You visited 1 branch of the dungeon, and saw 2 of its levels.

You collected 37 gold pieces.

Inventory:

Hand Weapons
 a - a +0 rapier (weapon)
Missiles
 d - 3 throwing nets (quivered)
Armour
 b - a +0 leather armour (worn)
 g - a +0 pair of gloves (worn)
 k - a cursed +0 helmet (worn)
Jewellery
 e - an uncursed ring of fire
 i - a ring of resist corrosion (right hand)
Scrolls
 c - 2 scrolls of magic mapping {unknown}
 h - a scroll of teleportation {unknown}
 j - 2 scrolls of blinking {unknown}
 l - a scroll of noise {unknown}
 p - a scroll of fog {unknown}
Potions
 n - a potion of cancellation {unknown}
Comestibles
 f - 4 rations


   Skills:
 + Level 2.6 Fighting
 + Level 3.6 Short Blades
 - Level 1.7 Throwing
 + Level 0.2 Armour
 + Level 3.2 Dodging


You had 2 spell levels left.
You didn't know any spells.
Your spell library was empty.

Dungeon Overview and Level Annotations

Branches:
Dungeon (2/15)

Altars:


Innate Abilities, Weirdness & Mutations

Your body is rotting away.
You thrive on raw meat.
You are immune to poison.
You have sharp fingernails.
You are carnivorous and can eat meat at any time.
Your flesh is cold resistant. (rC+)
You are immune to negative energy. (rN+++)
You do not regenerate when monsters are visible.
You are immune to unholy pain and torment.
You can survive without breathing.


Message History

You eat one of the 2 chunks of flesh.
This raw flesh tastes great!
The gnoll barely misses you. The gnoll hits you but does no damage.
Eat a chunk of flesh? (ye/n/q)
You eat the chunk of flesh.
This raw flesh tastes great!
The gnoll hits you but does no damage. The gnoll closely misses you.
Okay, then.
You barely miss the gnoll.
The gnoll is heavily wounded.
The gnoll hits you from afar with a +0 spear.
The gnoll closely misses you.
You hit the gnoll.
The gnoll is severely wounded.
The gnoll barely misses you. The gnoll hits you with a +0 spear!
* * * LOW HITPOINT WARNING * * *
The gnoll hits you but does no damage.
It was a potion of ambrosia.
You are confused.
You feel invigorated. The gnoll barely misses you.
The gnoll hits you from afar with a +0 spear.
You die...

........# ♣.♣.
........## #..
##.......# ♣.. ♣
♣.♣.♣.♣.# #...#
.........# ♣.♣.
.♣.♣.♣.♣.# #..
........g## #.#
##........# #.#
#......gg## #@#
#.........# #g#
#...#####.#####g####
#... #.g.g......#
### #........#.#
#......♣♣♣.#
#..........#
#......♣♣♣##
#........#


You could see 2 gnolls.

Vanquished Creatures
  2 gnolls (D:2)
  A dart slug (D:1)
  A leopard gecko (D:1)
  4 giant cockroaches
  3 goblins (D:1)
  2 hobgoblins (D:1)
  4 jackals (D:2)
  7 kobolds
  2 frilled lizards (D:1)
  2 rats (D:1)
28 creatures vanquished.

Notes
Turn   | Place    | Note
-------+----------+-------------------------------------------
     0 | D:1      | Borgoz the Ghoul Gladiator began the quest for the Orb.
     0 | D:1      | Reached XP level 1. HP: 17/17 MP: 0/0
   345 | D:1      | Reached XP level 2. HP: 20/24 MP: 1/1
   921 | D:1      | Reached XP level 3. HP: 17/29 MP: 2/2
  1437 | D:2      | HP: 1/30 [gnoll/+0 spear (9)]
  1438 | D:2      | Slain by a gnoll

Skill      XL: |  1  2 |
---------------+-------+-----
Short Blades   | 3 |  3.6
Dodging        | 3 |  3.2
Fighting       | |  2.6
Throwing       | |  1.7
Armour         | |  0.2

Action                   || total
-------------------------++-------
Melee: Rapier            ||   115
  Use: Potion            ||     1
  Eat: Chunk             ||    15
Armor: Leather armour    ||    33
Dodge: Dodged            ||    92
